 Dungeon Crawl Stone Soup version 0.19.0-2-gae57169 (webtiles) character file.

387 Pepeogr the Shield-Bearer (level 6, -2/52 HPs)
             Began as a Draconian Fighter on Nov 7, 2016.
             Was an Initiate of the Shining One.
             Slain by an orc warrior
             ... wielding a +0 halberd
              (17 damage)
             ... on level 3 of the Dungeon.
             The game lasted 00:12:07 (2871 turns).

Pepeogr the Shield-Bearer (Draconian Fighter)       Turns: 2871, Time: 00:12:08

Health: -2/52      AC:  7    Str: 25    XL:     6   Next: 49%
Magic:  6/6        EV: 11    Int:  8    God:    the Shining One [......]
Gold:   189        SH: 10    Dex: 11    Spells: 0 memorised, 5 levels left

rFire  . . .     SeeInvis .     n - +1 war axe (chop)
rCold  . . .     Gourm    .     (armour unavailable)
rNeg   . . .     Faith    .     b - +0 shield
rPois  .         Spirit   .     (helmet restricted)
rElec  .         Reflect  .     (no cloak)
rCorr  .         Harm     .     g - +0 pair of gloves
MR     .....                    (no boots)
Stlth  +.........               (no amulet)
                                (no ring)
                                (no ring)

@: mighty, exhausted, flying, slowed, glowing, very slow
A: unfitting armour, cold-blooded, AC +6
a: Renounce Religion


You were on level 3 of the Dungeon.
You worshipped the Shining One.
The Shining One was noncommittal.
You were not hungry.

You visited 1 branch of the dungeon, and saw 3 of its levels.

You collected 189 gold pieces.

Inventory:

Hand Weapons
 a - a +0 long sword
 n - a +1 war axe of chopping (weapon)
Armour
 b - a +0 shield (worn)
 g - a +0 pair of gloves (worn)
Jewellery
 l - an uncursed amulet of magic regeneration
Scrolls
 e - 2 scrolls of identify
 p - a scroll of noise {unknown}
 q - a scroll of remove curse
 r - a scroll of fear
Potions
 o - a potion of beneficial mutation {unknown}
 s - a potion of degeneration {unknown}
 t - a potion of cure mutation {unknown}
Comestibles
 h - 2 fruits
 i - 2 slices of pizza
 m - a bread ration


   Skills:
 + Level 4.1 Fighting
 - Level 4.0 Long Blades
 * Level 1.4 Axes
 + Level 4.1 Dodging
 - Level 0.6 Stealth
 * Level 4.5 Shields


You had 5 spell levels left.
You didn't know any spells.

Dungeon Overview and Level Annotations

Branches:
Dungeon (3/15)

Altars:
Ashenzari
Cheibriados
Makhleb
Sif Muna
Uskayaw
Vehumet
Xom
The Shining One


Innate Abilities, Weirdness & Mutations

Your plain brown scales are hard. (AC +6)
You cannot fit into any form of body armour.
You are cold-blooded and may be slowed by cold attacks.


Message History

You are exhausted.
You feel yourself slow down.
You hit the orc warrior but do no damage.
The orc warrior barely misses you.
The orc warrior hits you with a halberd!
You hit the orc warrior.
You tail-slap the orc warrior, but do no damage.
The orc warrior is lightly wounded.
You block the orc warrior's attack.
The orc warrior hits you with a halberd!
You hit the orc warrior but do no damage.
The orc warrior is lightly wounded.
You block the orc warrior's attack. The orc warrior barely misses you.
You feel very mighty all of a sudden.
The orc warrior hits you with a halberd!
* * * LOW HITPOINT WARNING * * *
You slash the orc warrior!
The orc warrior is severely wounded.
The orc warrior hits you with a halberd!
You die...

.#.#.#.##.# ........#.#
........#.# ##.#.#.##.####
######### .............#
#........
##.#......##.###)#######
##.###.#####.##..# ...#
#.##........# #### ## ####
#.##.##.##.@# #.. .# .#
#.......##.o####.# .#
.#######...####..##...# ##.#
....<.......# #####.#.# ...#
..####......# #.._..# #..#
[....#......#####.#.#.####..#
...........###..............#
.....#.##..###.##.....####.##
..####.##........[....# #.#


You could see an orc warrior.

Vanquished Creatures
  The ghost of Andry07 the Skirmisher, an amateur DrFi (D:3)
  A bullfrog skeleton (D:3)
  An orc wizard (D:3)
  3 adders
  4 gnolls (D:2)
  3 oozes
  2 worms (D:3)
  2 dart slugs
  6 leopard geckos
  7 orcs (D:3)
  A ball python (D:2)
  3 giant cockroaches
  11 goblins
  9 hobgoblins
  3 quokkas (D:2)
  11 bats
  3 frilled lizards
  6 kobolds
  8 rats
  A plant (D:1)
86 creatures vanquished.

Notes
Turn   | Place    | Note
-------+----------+-------------------------------------------
     0 | D:1      | Pepeogr the Draconian Fighter began the quest for the Orb.
     0 | D:1      | Reached XP level 1. HP: 19/19 MP: 1/1
    73 | D:1      | Reached XP level 2. HP: 10/26 MP: 2/2
   557 | D:1      | Reached XP level 3. HP: 30/33 MP: 3/3
  1143 | D:2      | Reached XP level 4. HP: 36/40 MP: 4/4
  1864 | D:3      | Noticed Andry07's ghost (amateur DrFi)
  1876 | D:3      | Killed Andry07's ghost
  1876 | D:3      | Reached XP level 5. HP: 12/46 MP: 5/5
  1876 | D:3      | Reached XP level 6. HP: 14/52 MP: 6/6
  2275 | D:3      | Found a hide-covered altar of Uskayaw.
  2276 | D:3      | Found a radiant altar of Vehumet.
  2289 | D:3      | Found a burning altar of Makhleb.
  2289 | D:3      | Found a glowing golden altar of the Shining One.
  2292 | D:3      | Found a shimmering altar of Xom.
  2294 | D:3      | Found a deep blue altar of Sif Muna.
  2299 | D:3      | Became a worshipper of the Shining One
  2329 | D:3      | Found a snail-covered altar of Cheibriados.
  2388 | D:3      | Found a shattered altar of Ashenzari.
  2610 | D:3      | Reached skill level 1 in Axes
  2843 | D:3      | Noticed an orc warrior
  2871 | D:3      | Slain by an orc warrior

Skill      XL: |  1  2  3  4  5  6 |
---------------+-------------------+-----
Dodging        | 3 4 |  4.1
Shields        | 4 |  4.5
Long Blades    | 4 |  4.0
Fighting       | 4 |  4.1
Axes           | 1 |  1.4
Stealth        | |  0.6

Action                   |  1- 3 |  4- 6 || total
-------------------------+-------+-------++-------
Melee: Long sword        |   131 |    81 ||   212
       Tailslap          |    23 |    21 ||    44
       War axe           |       |    55 ||    55
  Use: Scroll            |     2 |     3 ||     5
       Potion            |       |     8 ||     8
 Stab: Sleeping          |       |     2 ||     2
  Eat: Bread ration      |       |     1 ||     1
       Fruit             |       |     1 ||     1
       Pizza             |       |     1 ||     1
Armor: Skin              |    54 |    44 ||    98
Dodge: Dodged            |    80 |    82 ||   162
Block: Shield            |    90 |   104 ||   194
       Rpst.: Long sword |    24 |    16 ||    40
